 Dungeon Crawl Stone Soup version 0.27.1-34-g3ba077fa99 (webtiles) character file.

Game seed: 9791061639265319691

228 cbfl8 the Sneak (level 5, -1/47 HPs)
             Began as a Minotaur Delver on Jan 20, 2022.
             Slain by Purgy (6 damage)
             ... on level 5 of the Dungeon.
             The game lasted 00:02:52 (691 turns).

cbfl8 the Sneak (Minotaur Delver)                    Turns: 691, Time: 00:02:52

Health: -1/47      AC:  3    Str: 17    XL:     5   Next: 71%
Magic:  4/4        EV: 12    Int:  8    God:
Gold:   36         SH:  0    Dex: 11    Spells: 4/4 levels left

rFire    + . .     SeeInvis .   a - +1 hand axe
rCold    x . .     Faith    .   (no shield)
rNeg     . . .     Spirit   .   b - +0 leather armour
rPois    .         Reflect  .   (helmet restricted)
rElec    .         Harm     .   (no cloak)
rCorr    .         Rampage  .   (no gloves)
Will     .....                  (no boots)
Stlth    +++.......             (no amulet)
HPRegen  0.15/turn              j - ring of fire
MPRegen  0.09/turn              (no ring)

@: no status effects
A: horns 2, retaliatory headbutt
a: no special abilities


You were on level 5 of the Dungeon.
You visited 1 branch of the dungeon, and saw 1 of its levels.
You also visited: Sewer.

You collected 36 gold pieces.

Inventory:

Hand Weapons
 a - a +1 hand axe (weapon)
Armour
 b - a +0 leather armour (worn)
Jewellery
 j - a ring of fire (left hand)
Wands
 g - a wand of digging (3)
Scrolls
 d - 2 scrolls of magic mapping
 e - 2 scrolls of fear
Potions
 f - a potion of haste
 h - a potion of heal wounds {unknown}
 i - a potion of degeneration {unknown}
 k - a potion of cancellation {unknown}
 m - a potion of brilliance {unknown}
 n - a potion of experience {unknown}


   Skills:
 + Level 4.7 Fighting
 + Level 3.4 Axes
 + Level 0.9 Armour
 + Level 2.7 Dodging
 + Level 5.7 Stealth


You had 4 spell levels left.
You didn't know any spells.
Your spell library contained the following spells:

 Spells                   Type           Power      Damage    Failure   Level
 Sublimation of Blood     Necr           0%         N/A       61%         2
 Wereblood                Tmut           0%         N/A       61%         2
 Summon Hydra             Summ           0%         N/A       100%        7


Dungeon Overview and Level Annotations

Branches:
Dungeon (5/15)              Sewer (visited)
 Temple: D:4-7

Altars:

Annotations:
D:5 Purgy


Innate Abilities, Weirdness & Mutations

You have a pair of horns on your head.
You reflexively headbutt those who attack you in melee.


Message History

There is a collapsed entrance here.
You can't go up here!
You can't go down here!
As you read the scroll of fog, it crumbles to dust.
The scroll dissolves into smoke.
The sky beast hits you but does no damage.
The giant cockroach splashes around in the water.
The quokka barely misses you. You furiously retaliate!
You headbutt the quokka, but do no damage.
Purgy misses you. Purgy claws you. Purgy misses you.
As you read the scroll labelled ENNAEKI XUCHEU, it crumbles to dust.
It is a scroll of enchant weapon.
Your +0 hand axe glows red for a moment.
The giant cockroach misses you. You furiously retaliate!
You headbutt the giant cockroach!
You kill the giant cockroach!
The sky beast misses you. The quokka closely misses you. Purgy bites you.
* * * LOW HITPOINT WARNING * * *
Purgy barely misses you. x2
You hit the sky beast.
The sky beast is moderately wounded.
You barely miss the orc wizard. You hit Purgy. You hit the quokka.
You hit the orc wizard. The quokka bites you.
* * * LOW HITPOINT WARNING * * *
The sky beast barely misses you.
The orc wizard hits you but does no damage.
Purgy closely misses you. Purgy barely misses you. Purgy claws you.
* * * LOW HITPOINT WARNING * * *
The quokka bites you.
* * * LOW HITPOINT WARNING * * *
The sky beast hits you but does no damage.
The orc wizard hits you with a +0 dagger.
* * * LOW HITPOINT WARNING * * *
You closely miss the sky beast.
The sky beast is moderately wounded.
You hit the orc wizard. You hit the quokka but do no damage.
You closely miss Purgy. You hit the orc wizard.
The orc wizard hits you but does no damage.
Purgy bites you.
You die...

# ..###############
#####
...≈≈§§§o§≈≈.##.###.....
...≈≈§§@Y§≈≈..#<........
...≈≈§rTo§≈≈..#{........
..###########...........
#...##.........
..#####...##.........
......'...'.......... .
#######...###........ #.
######.....##........ ..
....+.....##........


You could see Purgy, a sky beast, 2 orc wizards and a quokka.

Vanquished Creatures
  A water moccasin (D:5)
  A centaur zombie (D:5)
  A hound (D:5)
  An iguana (D:5)
  3 adders
  An orc (D:5)
  2 giant cockroaches (D:5)
  A ball python (Sewer)
  2 frilled lizards (Sewer)
13 creatures vanquished.

Notes
Turn   | Place    | Note
-------+----------+-------------------------------------------
     0 | D:5      | cbfl8 the Minotaur Delver began the quest for the Orb.
     0 | D:5      | Reached XP level 1. HP: 19/19 MP: 0/0
    45 | D:5      | Noticed an iguana
    57 | D:5      | Killed an iguana
    58 | D:5      | Reached XP level 2. HP: 27/27 MP: 1/1
    75 | D:5      | Reached XP level 3. HP: 28/33 MP: 2/2
   122 | D:5      | Noticed a water moccasin
   146 | D:5      | Killed a water moccasin
   147 | D:5      | Reached skill level 5 in Stealth
   147 | D:5      | Reached XP level 4. HP: 21/41 MP: 3/3
   147 | D:5      | Reached XP level 5. HP: 25/47 MP: 4/4
   370 | D:5      | Noticed a sky beast
   375 | D:5      | Found a glowing drain.
   386 | Sewer    | Entered a sewer
   477 | Sewer    | Noticed Purgy
   691 | D:5      | Slain by Purgy

Illustrated notes

Levels and vault maps discovered:
D:5:      layout_basic, portal_sewer_entry_f, uniq_ijyb

Skill      XL: |  1  2  3 |
---------------+----------+-----
Fighting       | 4 |  4.7
Axes           | 3 |  3.4
Stealth        | 5 |  5.7
Armour         | |  0.9
Dodging        | |  2.7

Action                   |  1- 3 |  4- 6 || total
-------------------------+-------+-------++-------
Melee: Hand axe          |    22 |    43 ||    65
       Headbutt          |     4 |     1 ||     5
  Use: Scroll            |       |     2 ||     2
Armor: Leather armour    |     2 |    29 ||    31
Dodge: Dodged            |    22 |    60 ||    82
